 Dungeon Crawl Stone Soup version 0.20.0-10-g0535bb4 (webtiles) character file.

219 Kriby the Chopper (level 5, 0/48 HPs)
             Began as a Hill Orc Fighter on June 5, 2017.
             Slain by a jackal (2 damage)
             ... on level 3 of the Dungeon.
             The game lasted 00:01:36 (1966 turns).

Kriby the Chopper (Hill Orc Fighter)                Turns: 1966, Time: 00:01:36

Health: 0/48       AC:  6    Str: 20    XL:     5   Next: 96%
Magic:  5/5        EV:  7    Int:  8    God:
Gold:   129        SH:  9    Dex: 10    Spells: 4/4 levels left

rFire    + . .     SeeInvis .   a - +0 war axe
rCold    x . .     Gourm    .   c - +0 shield
rNeg     . . .     Faith    .   b - +0 scale mail
rPois    .         Spirit   .   (no helmet)
rElec    .         Reflect  .   (no cloak)
rCorr    .         Harm     .   (no gloves)
MR       .....                  (no boots)
Stlth    +.........             (no amulet)
Regen    0.2/turn               s - ring of fire (curse)
MPRegen  0.1/turn               t - ring of stealth

@: no status effects
A: no striking features
a: no special abilities


You were on level 3 of the Dungeon.
You were hungry.

You visited 1 branch of the dungeon, and saw 3 of its levels.

You collected 129 gold pieces.

Inventory:

Hand Weapons
 a - a +0 war axe (weapon)
Armour
 b - a +0 scale mail (worn)
 c - a +0 shield (worn)
Jewellery
 s - a cursed ring of fire (left hand)
 t - a ring of stealth (right hand)
Scrolls
 e - a scroll of fog {unknown}
 g - 2 scrolls of enchant armour {unknown}
 h - a scroll of amnesia {unknown}
 i - a scroll of magic mapping {unknown}
 j - 2 scrolls of teleportation {unknown}
 k - 2 scrolls of remove curse {unknown}
 n - a scroll of blinking {unknown}
 q - a scroll of enchant weapon {unknown}
Potions
 d - a potion of might
 l - a potion of mutation {unknown}
 m - a potion of curing {unknown}
 p - a potion of heal wounds {unknown}
Comestibles
 f - 3 bread rations
 o - a meat ration


   Skills:
 + Level 5.1 Fighting
 * Level 6.8 Axes
 - Level 3.2 Armour
 - Level 3.2 Shields


You had 4 spell levels left.
You didn't know any spells.

Dungeon Overview and Level Annotations

Branches:
Dungeon (3/15)

Altars:
Gozag
Xom


Message History

The jackal barks!
The jackal bites you but does no damage. x2
You hit the jackal but do no damage.
The jackal is moderately wounded.
The jackal bites you.
* * * LOW HITPOINT WARNING * * *
The jackal bites you.
* * * LOW HITPOINT WARNING * * *
You closely miss the jackal.
The jackal is moderately wounded.
You block the jackal's attack.
You slash the jackal!
You kill the jackal!
The jackal bites you.
* * * LOW HITPOINT WARNING * * *
You slash the jackal!
You kill the jackal!
You barely miss the jackal. You block the jackal's attack.
The jackal bites you.
You die...

#.. .. ###.# .. ....#
#. #######.... #.
..#.....#
###.#######.#.....##
#...........#.......
#.#..†<%†##.....#####
#####..@h.)........
#.####...###### #.#
##.## #.# #.# #.# #.#
..# #.# ### #.# #.#


You could see a jackal.

Vanquished Creatures
  A phantom (D:3)
  Jessica (D:2)
  3 gnolls (D:2)
  An adder (D:3)
  A worm (D:2)
  3 dart slugs
  A leopard gecko (D:2)
  An orc (D:3)
  2 giant cockroaches
  3 goblins
  8 hobgoblins
  6 jackals
  A ball python (D:1)
  6 bats
  4 frilled lizards
  5 kobolds
  8 rats
55 creatures vanquished.

Notes
Turn   | Place    | Note
-------+----------+-------------------------------------------
     0 | D:1      | Kriby the Hill Orc Fighter began the quest for the Orb.
     0 | D:1      | Reached XP level 1. HP: 19/19 MP: 1/1
    54 | D:1      | Reached skill level 3 in Axes
    77 | D:1      | Reached XP level 2. HP: 26/27 MP: 2/2
   347 | D:1      | Reached skill level 4 in Axes
   405 | D:1      | Reached XP level 3. HP: 31/33 MP: 3/3
  1083 | D:2      | Noticed Jessica
  1099 | D:2      | Killed Jessica
  1099 | D:2      | Reached skill level 5 in Axes
  1099 | D:2      | Reached XP level 4. HP: 26/41 MP: 4/4
  1365 | D:2      | Found a shimmering altar of Xom.
  1534 | D:2      | Found an opulent altar of Gozag.
  1900 | D:3      | Noticed a phantom
  1904 | D:3      | Reached XP level 5. HP: 42/47 MP: 5/5
  1952 | D:3      | Killed a phantom
  1952 | D:3      | Reached skill level 5 in Fighting
  1952 | D:3      | Reached skill level 6 in Axes
  1965 | D:3      | HP: 2/48 [jackal (3)]
  1966 | D:3      | Slain by a jackal

Skill      XL: |  1  2  3  4  5 |
---------------+----------------+-----
Axes           | 3 4 5 6 |  6.8
Fighting       | 4 5 |  5.1
Armour         | |  3.2
Shields        | |  3.2

Action                   |  1- 3 |  4- 6 || total
-------------------------+-------+-------++-------
Melee: War axe           |    88 |    67 ||   155
  Eat: Chunk             |     1 |     2 ||     3
Armor: Scale mail        |    30 |    23 ||    53
Dodge: Dodged            |    32 |    10 ||    42
Block: Shield            |    39 |    28 ||    67
